 Dungeon Crawl Stone Soup version 0.31-a0-202-g547052bce9 (webtiles) character file.

Game seed: 13548354341007518199

93 qw the Shooter (level 4, -2/25 HPs)
             Began as a Deep Elf Hunter on June 26, 2023.
             Slain by Sigmund
             ... wielding a +0 scythe
              (5 damage)
             ... on level 3 of the Dungeon.
             The game lasted 00:00:43 (2018 turns).

qw the Shooter (Deep Elf Hunter)                    Turns: 2018, Time: 00:00:44

Health: -2/25      AC:  7    Str: 10    XL:     4   Next: 36%
Magic:  6/6        EV: 11    Int: 14    God:
Gold:   133        SH:  0    Dex: 18    Spells: 3/3 levels left

rFire   . . .        Y - +0 shortbow
rCold   . . .        (shield currently unavailable)
rNeg    . . .        i - +0 ring mail
rPois   .            d - +1 helmet
rElec   .            (no cloak)
rCorr   .            (no gloves)
SInv    .            (no boots)
Will    +....        (no amulet)
Stlth   +            b - ring of willpower
HPRegen 0.24/turn    (no ring)
MPRegen 0.10/turn

%: no passive effects
@: no status effects
A: no striking features
a: no special abilities


You were on level 3 of the Dungeon.
You visited 1 branch of the dungeon, and saw 3 of its levels.

You collected 133 gold pieces.


   Skills:
 - Level 1.5 Fighting
 + Level 7.8 Ranged Weapons
 - Level 2.4 Dodging
 - Level 1.2 Stealth


You had 3 spell levels left.
You didn't know any spells.
Your spell library was empty.

Inventory:

Hand Weapons
 Y - a +0 shortbow (weapon)
Armour
 d - a +1 helmet (worn)
 i - a +0 ring mail (worn)
Jewellery
 b - a ring of willpower (left hand)
Potions
 a - a potion of might
 h - a potion of heal wounds {unknown}
 k - a potion of enlightenment {unknown}

Dungeon Overview and Level Annotations

Branches:
Dungeon (3/15)

Altars:
Trog

Annotations:
D:3 Sigmund


Message History

Enter note:
Enter note:
Enter note:
Enter note:
Enter note:
Enter note:
Enter note:
Enter note:
Enter note:
Enter note:
Enter note:
Enter note:
Enter note:
Enter note:
Enter note:
Enter note:
Enter note:
Enter note:
Enter note:
There is a strange disturbance nearby!
2016 ||| Stepping randomly (disturbance).
Enter note:
Enter note:
Enter note:
Enter note:
Enter note:
Enter note:
Enter note:
Enter note:
Enter note:
Enter note:
Enter note:
Enter note: You start resting.
Something hits you.
Deactivating autopickup; reactivate with Ctrl-A.
Autopickup is now on.
You start resting.
Something hits you.
You die...

#..# #..# ~..>...
#..# #.....g#
##.. #......#
#......# #......#
#......#
#......##########
#........@.......
#......##########
#......# #......#
#.#.#########
#.#.#........
#.#.#.##########
#.#............#
##
#...........##.#


There were no monsters in sight!

Vanquished Creatures
  An orc wizard (D:3)
  3 dart slugs
  3 orcs (D:3)
  6 endoplasms
  2 giant cockroaches
  2 hobgoblins
  9 jackals
  A quokka (D:1)
  5 ball pythons
  3 bats
  A frilled lizard (D:2)
  6 goblins
  7 kobolds
  5 rats
54 creatures vanquished.

Notes
Turn   | Place    | Note
-------+----------+-------------------------------------------
     0 | D:1      | qw the Deep Elf Hunter began the quest for the Orb.
     0 | D:1      | Reached XP level 1. HP: 12/12 MP: 3/3
     0 | D:1      | 0 ||| qw: Version: 0.3-a-22-g0ed2b0b
     0 | D:1      | 0 ||| qw: Game counter: 6004
     0 | D:1      | 0 ||| qw: Melee chars always use a shield: true
     0 | D:1      | 0 ||| qw: God list: Okawaru
     0 | D:1      | 0 ||| qw: Allow faded altars: false
     0 | D:1      | 0 ||| qw: Do Orc after clearing Dungeon:15 true
     0 | D:1      | 0 ||| qw: Do second Lair branch before Depths: true
     0 | D:1      | 0 ||| qw: Lair rune preference: random
     0 | D:1      | 0 ||| qw: Goals: Normal
     0 | D:1      | 0 ||| PLANNING D:1-11
   164 | D:1      | Reached skill level 6 in Ranged Weapons
   164 | D:1      | Reached XP level 2. HP: 7/16 MP: 4/4
   655 | D:1      | 655 ||| UPGRADING to +0 helmet.
   660 | D:1      | 660 ||| DROPPING scarf of harm.
   661 | D:1      | 661 ||| UPGRADING to +0 ring mail.
   671 | D:1      | 671 ||| DROPPING +0 leather armour.
   672 | D:1      | 672 ||| READING scroll labelled VEKKANK YSSU.
   673 | D:1      | 673 ||| READING scroll labelled FAIFRU DILOE.
   705 | D:1      | 705 ||| READING 2 scrolls labelled DANUKLEANO.
   708 | D:1      | 708 ||| DROPPING scroll of butterflies.
   910 | D:2      | Reached XP level 3. HP: 20/20 MP: 5/5
   936 | D:2      | 936 ||| READING scroll of enchant armour.
   936 | D:2      | 936 ||| ENCHANTING +0 helmet.
  1388 | D:2      | Reached skill level 7 in Ranged Weapons
  1554 | D:2      | 1554 ||| UPGRADING to ring of willpower.
  1555 | D:2      | 1555 ||| READING scroll labelled SIUNAS MINETH.
  1556 | D:2      | 1556 ||| READING scroll labelled PIODA DEOG.
  1557 | D:2      | 1557 ||| DRINKING 2 purple potions.
  1558 | D:2      | 1558 ||| DRINKING 2 lumpy emerald potions.
  1590 | D:2      | 1590 ||| DROPPING potion of lignification.
  1650 | D:3      | Reached XP level 4. HP: 14/25 MP: 6/6
  1738 | D:3      | Found a bloodstained altar of Trog.
  1846 | D:3      | 1846 ||| FLEEEEING.
  1847 | D:3      | 1847 ||| FLEEEEING.
  1849 | D:3      | 1849 ||| STAIRDANCE
  1870 | D:3      | Noticed a kobold brigand
  1876 | D:3      | HP: 6/25 [kobold brigand/+0 club (2)]
  1877 | D:3      | 1877 ||| READING 2 scrolls of teleportation.
  1880 | D:3      | 1880 ||| READING scroll of teleportation.
  1999 | D:3      | Noticed Sigmund
  2009 | D:3      | HP: 6/25 [Sigmund/+0 scythe (7)]
  2016 | D:3      | 2016 ||| Stepping randomly (disturbance).
  2017 | D:3      | HP: 3/25 [something (5)]
  2018 | D:3      | Slain by Sigmund

Levels and vault maps discovered:
D:1:      mrwooster_arrival_arrow, layout_loops_ring
D:2:      layout_loops_corners, chequers_serial_rivers_micro_c
D:3:      cheibrodos_thug_alley, layout_basic, mainiacjoe_overflow_paths,
          uniq_grinder, uniq_sigmund

Skill      XL: |  1  2  3 |
---------------+----------+-----
Ranged Weapons | 6 7 |  7.8
Fighting       | |  1.5
Dodging        | |  2.4
Stealth        | |  1.2

Action                     |  1- 3 |  4- 6 || total
---------------------------+-------+-------++-------
   Fire: Shortbow          |    96 |    53 ||   149
    Use: Scroll            |     6 |     2 ||     8
         Potion            |     2 |       ||     2
 Armour: Leather armour    |     6 |       ||     6
         Ring mail         |    10 |     9 ||    19
  Dodge: Dodged            |    17 |    17 ||    34

Table legend:
 A = Non-vault XP
 B = Vault XP
 C = Vault XP percentage of total XP
 D = Non-vault monster count
 E = Vault monster count
 F = Vault count percentage of total count
                 A         B        C        D         E       F
            +---------+---------+-------+---------+---------+-------
      Total |     125 |       8 |   6.0 |      49 |       5 |   9.3
            +---------+---------+-------+---------+---------+-------
        D:1 |      32 |       0 |   0.0 |      19 |       0 |   0.0
        D:2 |      35 |       0 |   0.0 |      19 |       0 |   0.0
        D:3 |      58 |       8 |  12.1 |      11 |       5 |  31.2
            +---------+---------+-------+---------+---------+-------
